Map: Blueshift LE

Players

SaintSnowmad - Winner!

  • Race: Protoss Protoss
  • League: Diamond
  • Spawn Location: 7:00

iLoseAllGame

  • Race: Zerg Zerg
  • Spawn Location: 1:00

VOD

Have the link to the VOD?

Description

Time

  • Played on: Dec. 21, 2018, 7:13 p.m.
  • Length: 13:21
Show
View Real Time Build Order
Export as new Build Order

SaintSnowmad Protoss - Winner!

Build Orders:  

Get SALT Encoding   

  12  0:01  Probe  
  13  0:13  Probe  
  14  0:20  Pylon  
  14  0:25  Probe  
  15  0:38  Gateway  
  15  0:39  Probe  
  16  0:46  Assimilator  
  16  0:47  Probe  
  16  0:56  Probe  
  18  1:07  Probe  
  19  1:19  Probe  
  19  1:20  Forge  
  19  1:22  Gateway  
  20  1:33  Cybernetics Core  
  20  1:34  Zealot  
  20  1:37  Cybernetics Core  
  22  1:54  Photon Cannon  
  22  2:15  Warp Gate  
  22  2:18  Pylon  
  22  2:31  Adept  
  22  2:36  Adept  
  26  2:45  Nexus  
  26  2:53  Adept  
  26  2:58  Assimilator  
  26  3:05  Pylon  
  28  3:11  Probe  
  29  3:17  Adept  
  31  3:23  Probe  
  32  3:35  Probe, Stargate  
  33  3:47  Probe  
  34  3:59  Probe  
  35  4:11  Probe  
  34  4:23  Probe  
  34  4:24  Probe  
  32  4:25  Phoenix  
  32  4:28  Zealot  
  32  4:29  Zealot  
  32  4:31  Protoss Ground Weapons Level 1  
  38  4:34  Probe  
  38  4:35  Probe, Gateway  
  40  4:41  Pylon  
  40  4:42  Probe, Phoenix  
  40  4:43  Probe  
  40  4:50  Probe  
  40  4:52  Probe  
  46  5:01  Probe  
  46  5:03  Probe  
  46  5:06  Phoenix  
  48  5:13  Probe  
  51  5:15  Probe  
  51  5:16  Pylon  
  52  5:25  Probe  
  52  5:27  Probe  
  54  5:31  Phoenix  
  56  5:37  Probe  
  56  5:38  Assimilator  
  56  5:39  Probe  
  58  5:46  Zealot  
  58  5:47  Assimilator, Zealot  
  58  5:49  Probe  
  63  5:51  Probe  
  63  5:56  Phoenix  
  66  6:02  Probe  
  67  6:11  Pylon  
  67  6:12  Probe  
  67  6:13  Pylon  
  67  6:14  Nexus  
  67  6:17  Pylon  
  68  6:25  Probe  
  68  6:26  Probe  
  70  6:33  Pylon  
  70  6:38  Probe  
  71  6:43  Zealot x2  
  71  6:46  Probe  
  76  6:48  Robotics Facility  
  76  6:49  Twilight Council  
  76  6:50  Probe  
  77  6:58  Probe  
  78  7:02  Probe  
  77  7:11  Zealot x2  
  77  7:12  Zealot  
  63  7:25  Void Ray  
  63  7:26  Charge  
  66  7:33  Zealot x2  
  66  7:34  Zealot  
  72  7:38  Probe x2  
  72  7:46  Immortal  
  76  7:59  Gateway  
  76  8:00  Gateway  
  76  8:01  Probe  
  76  8:02  Gateway  
  76  8:03  Protoss Ground Weapons Level 2  
  76  8:04  Templar Archives  
  77  8:06  Gateway  
  77  8:08  Pylon  
  77  8:11  Pylon  
  77  8:13  Pylon  
  77  8:15  Photon Cannon  
  77  8:16  Probe x2, Photon Cannon  
  77  8:17  Probe  
  81  8:27  Observer  
  81  8:28  Probe  
  81  8:29  Probe  
  81  8:31  Zealot x2  
  81  8:32  Probe  
  88  8:37  Phoenix  
  88  8:40  Probe  
  91  8:42  Psionic Storm  
  91  8:48  Probe x2, Immortal  
  97  9:01  Assimilator  
  97  9:04  High Templar x2  
  97  9:06  Assimilator  
  101  9:14  Gateway  
  101  9:15  Pylon  
  101  9:20  Gateway  
  101  9:21  Photon Cannon  
  101  9:23  High Templar  
  101  9:24  High Templar x3  
  107  9:25  Zealot  
  111  9:31  Immortal  
  115  9:40  Photon Cannon  
  115  10:11  Immortal  
  115  10:13  Robotics Facility  
  119  10:16  Protoss Ground Weapons Level 3, Zealot x2  
  119  10:17  Zealot  
  119  10:18  High Templar x3  
  131  10:24  Dark Shrine  
  131  10:27  Nexus  
  131  10:29  Pylon  
  131  10:31  Pylon  
  131  10:32  Zealot x3  
  137  10:49  Warp Prism  
  137  10:50  Pylon  
  137  10:51  Shield Battery  
  137  10:53  Pylon, Gateway  
  137  10:56  Pylon  
  139  11:00  Photon Cannon  
  139  11:03  Probe  
  140  11:04  Photon Cannon  
  140  11:06  Shield Battery  
  140  11:08  High Templar x3  
  140  11:09  Assimilator  
  146  11:11  Assimilator  
  146  11:12  Archon  
  146  11:13  High Templar  
  148  11:25  Archon  
  148  11:26  Immortal  
  152  11:35  Pylon  
  152  11:39  Pylon  
  152  11:40  Probe  
  152  11:41  Gateway  
  152  11:43  Gateway  
  152  11:44  Zealot x2  
  152  11:45  High Templar x2  
  161  11:47  Immortal  
  161  11:50  Archon  
  161  11:51  Zealot x2  
  169  12:05  Observer  
  170  12:18  Zealot x5  
  170  12:19  Zealot x5  
  190  12:26  Observer  
  110  12:53  Dark Templar x4  
  110  12:54  Dark Templar x3  
  110  12:56  Zealot x4  
Show
View Real Time Build Order
Export as new Build Order

iLoseAllGame Zerg 

Build Orders: Pool First 

Get SALT Encoding   

  12  0:11  Drone  
  12  0:12  Overlord  
  13  0:18  Drone  
  14  0:32  Drone  
  14  0:33  Drone  
  16  0:44  Drone  
  16  0:49  Spawning Pool  
  16  0:54  Drone  
  17  1:05  Drone  
  18  1:19  Drone  
  18  1:25  Hatchery  
  18  1:31  Drone  
  19  1:35  Queen  
  19  1:37  Zergling x2  
  22  1:48  Overlord  
  22  2:06  Hatchery  
  22  2:08  Extractor  
  20  2:14  Drone x2  
  22  2:16  Queen  
  22  2:21  Drone  
  25  2:32  Drone  
  26  2:37  Extractor  
  26  2:41  Queen  
  27  2:48  Spine Crawler  
  26  2:52  Drone x4  
  26  2:57  Drone x2  
  32  3:04  Drone x2  
  35  3:12  Drone  
  35  3:15  Drone  
  35  3:18  Spine Crawler  
  35  3:25  Evolution Chamber  
  34  3:28  Drone x3  
  34  3:33  Metabolic Boost  
  37  3:47  Drone x4  
  37  3:48  Drone  
  42  3:54  Zerg Ground Armor Level 1  
  42  4:01  Overlord  
  41  4:14  Zergling x6  
  41  4:15  Drone x2  
  41  4:22  Drone x3  
  43  4:30  Drone  
  43  4:31  Drone x5  
  47  4:34  Drone  
  50  4:40  Lair  
  50  5:05  Overlord x4  
  50  5:17  Overlord, Roach Warren  
  49  5:21  Spine Crawler  
  49  5:23  Evolution Chamber  
  49  5:25  Zergling x14  
  49  5:26  Zergling x8  
  49  5:27  Zergling x2  
  59  5:37  Baneling Nest  
  58  5:48  Zerg Melee Weapons Level 1  
  58  5:49  Zerg Ground Armor Level 2  
  58  5:52  Drone  
  58  5:53  Drone x3  
  58  5:56  Extractor  
  61  6:01  Roach x4  
  69  6:14  Drone x3  
  69  6:17  Overlord x3  
  72  6:20  Baneling  
  72  6:21  Baneling x6  
  72  6:22  Baneling  
  72  6:24  Baneling x2  
  72  6:26  Baneling  
  72  6:38  Spore Crawler  
  72  6:39  Spore Crawler  
  70  6:43  Spore Crawler  
  69  6:47  Spore Crawler  
  68  6:57  Spore Crawler  
  68  6:59  Spore Crawler, Drone x6  
  71  7:02  Drone x2  
  71  7:03  Drone  
  71  7:08  Spore Crawler  
  65  7:11  Drone  
  65  7:12  Drone x5  
  62  7:23  Zergling x2  
  62  7:24  Zergling x8  
  62  7:25  Zergling x2  
  58  7:52  Infestation Pit, Zerg Melee Weapons Level 2  
  58  7:56  Extractor  
  54  7:59  Spore Crawler x2  
  54  8:00  Spore Crawler  
  54  8:01  Drone x5  
  54  8:02  Drone x7  
  59  8:19  Zergling x8  
  64  8:20  Zergling x4  
  64  8:21  Centrifical Hooks  
  64  8:26  Drone x2  
  64  8:27  Drone x4  
  71  8:45  Hive  
  71  8:47  Drone x4  
  71  8:48  Drone  
  76  8:54  Baneling x4  
  76  8:55  Baneling x2  
  76  8:57  Zergling x10  
  76  8:58  Zergling x2  
  76  9:00  Zergling x2, Hatchery  
  76  9:01  Overlord  
  82  9:03  Overlord  
  82  9:06  Overlord  
  82  9:08  Baneling x2  
  82  9:09  Baneling x3  
  82  9:10  Baneling  
  82  9:21  Zergling x2  
  82  9:22  Zergling x14  
  82  9:23  Zergling x8  
  94  9:29  Overlord x2  
  94  9:30  Overlord  
  94  9:42  Spire  
  94  9:44  Zergling x10  
  97  9:52  Overlord x5  
  97  10:02  Extractor  
  96  10:09  Drone x6  
  96  10:10  Drone x2  
  96  10:11  Spore Crawler  
  96  10:12  Queen  
  96  10:14  Spore Crawler, Drone  
  105  10:19  Spore Crawler  
  105  10:20  Adrenal Glands  
  105  10:28  Spore Crawler  
  104  10:29  Zerg Melee Weapons Level 3  
  104  10:31  Zerg Ground Armor Level 3  
  104  10:34  Baneling x5  
  104  10:35  Baneling x3  
  104  10:36  Baneling x2  
  104  10:37  Baneling  
  104  10:42  Zergling x8  
  108  10:43  Zergling x2  
  108  10:44  Zergling x2  
  108  10:45  Zergling x2  
  108  10:49  Drone x3  
  108  11:08  Zergling x12  
  108  11:09  Zergling x14  
  121  11:13  Hatchery  
  120  11:19  Overlord x4  
  120  11:28  Ultralisk Cavern  
  119  11:40  Zergling x10  
  119  11:41  Zergling x8  
  128  11:50  Zergling x4  
  128  11:51  Zergling x6  
  128  11:52  Zergling x6  
  136  11:54  Zergling x8  
  136  11:59  Zergling x2  
  136  12:00  Zergling x12  
  147  12:17  Baneling x4  
  147  12:18  Baneling x4  
  147  12:20  Baneling x6  
  147  12:21  Baneling x8  
  147  12:22  Zergling x10  
  152  12:23  Zergling x14  
  152  12:24  Zergling x4  
  126  12:41  Zergling x4  
  126  12:42  Zergling x8  
  88  12:48  Zergling x4  
  88  12:49  Zergling x14  
  88  12:50  Zergling x4  
Tags
 
League
Diamond
Matchup
PvZ
Opening
Pool First
Spawn Locations
Cross Positions
Add a new tag
Caveats
  • Supply blocks, unpowered buildings, or Contaminate may cause inaccurate times.
  • Supply counts are checked every 10 seconds.